cohdb
Replays
Latest Replays
All Replays
Popular Replays
Top Player Replays
Match Explorer
How It Works
Community
CoH3 Stats
Reddit
Sign in to upload your games and track your stats! →
Sign in with Steam
Match 41880370
Unlisted
Match 41880370
Overview
Messages
Build Orders
End
Construct Infanterie Kompanie
Selects Terror Battlegroup
Selects Machine Gun Camouflage
Kettenkrad Recon Vehicle
MG 42 Machine Gun Team
Grenadier Squad
Grenadier Squad
Construct Panzergrenadier Kompanie
251 Medium Carrier
Panzergrenadier Squad
Selects Defend the Fatherland
Pak 40 Anti-tank Gun Team
Panzergrenadier Squad
Pioneer Squad
Defend the Fatherland
Construct Luftwaffe Kompanie
Defend the Fatherland
Pak 40 Anti-tank Gun Team
Defend the Fatherland
Jäger Squad
Jäger Squad
Pak 40 Anti-tank Gun Team
Defend the Fatherland
Pak 40 Anti-tank Gun Team
251 Medium Carrier
Defend the Fatherland
Selects King Tiger Heavy Tank
PV II PiotrLDZ
Hedzik
Dejw1d
SneaKerz
gb_gbg
jellyfish
0
0
Comments
sign in to comment!
No comments posted yet!